 Dungeon Crawl Stone Soup version 0.24.0-1-gfbc8707122 (webtiles) character file.

Game seed: 15051663031595478781, levelgen mode: deterministic

659999 DildoBatman the Petrodigitator (level 27, -3/190 HPs)
             Began as a Formicid Wizard on Oct 25, 2019.
             Was an Initiate of Gozag.
             Slain by a daeva
             ... wielding a +3 eudemon blade of holy wrath
              (6 damage)
             ... on level 14 of a ziggurat on Oct 26, 2019.
             The game lasted 05:03:25 (57876 turns).

DildoBatman the Petrodigitator (Formicid Wizard)   Turns: 57876, Time: 05:03:26

Health: -3/190     AC: 30    Str: 14    XL:     27
Magic:  43/43      EV: 34    Int: 31    God:    Gozag
Gold:   10769      SH: 21    Dex: 17    Spells: 0/58 levels left

rFire    . . .     SeeInvis +   a - staff of energy
rCold    . . .     Gourm    .   F - +2 large shield {reflect}
rNeg     . . .     Faith    .   o - +4 troll leather armour
rPois    .         Spirit   .   (helmet unavailable)
rElec    +         Reflect  +   i - +2 cloak
rCorr    .         Harm     .   u - +2 pair of gloves {Dex+3}
MR       ++...                  K - +2 pair of boots of the Assassin {Detection Stab+ Stlth++}
Stlth    +++.......             m - amulet of magic regeneration
HPRegen  1.81/turn              V - +4 ring of evasion
MPRegen  0.53/turn              I - ring of Phasing {EV+8}

@: agile, icy armour, gold aura, very slightly contaminated, regenerating
(expiring), glowing, invisible (but backlit and visible)
A: permanent stasis, dig shafts and tunnels, four strong arms, antennae 3,
clever 1, mutation resistance 1, shaggy fur 1, electricity resistance
}: 4/15 runes: serpentine, barnacled, silver, golden
a: Dig, Shaft Self, Potion Petition, Call Merchant, Bribe Branch, Renounce
Religion


You were on level 14 of a ziggurat.
You worshipped Gozag.
Gozag was extremely pleased with you.
You were full.

You visited 10 branches of the dungeon, and saw 46 of its levels.
You visited the Abyss 2 times.
You visited 1 bazaar.
You visited 1 ziggurat, and saw 14 of its levels.
You also visited: Ossuary, Gauntlet and Ice Cave.

You collected 27787 gold pieces.
You spent 8891 gold pieces at shops.
You paid 8127 gold pieces to Gozag.

Inventory:

Hand Weapons
 b - the +3 Elemental Staff {rElec rF++ rC++ MR++ AC+5}
   (You bought it in a shop on level 2 of the Orcish Mines)

   It affects your AC (+5).
   It greatly protects you from fire.
   It greatly protects you from cold.
   It insulates you from electricity.
   It affects your resistance to hostile enchantments.
 c - the +11 executioner's axe of the Open Hand {freeze, MP+9}
   (You found it on level 3 of the Tomb of the Ancients)

   It has been specially enchanted to freeze those struck by it, causing extra
   injury to most foes and up to half again as much damage against particularly
   susceptible opponents.
   It can also slow down cold-blooded creatures.
   It affects your magic capacity (+9).
Missiles
 p - 1967 bolts
 t - 9 silver boomerangs
 y - 5 throwing nets (quivered)
 D - 69 silver javelins
Armour
 i - a +2 cloak (worn)
 j - a +0 large shield of fire resistance
 o - a +4 troll leather armour (worn)
 u - a +2 pair of gloves of dexterity (worn)
 C - a +0 cloak of magic resistance
 F - a +2 large shield of reflection (worn)
 K - the +2 pair of boots of the Assassin (worn) {Detection Stab+ Stlth++}
   (You found it in a Gauntlet)

   It makes you much more stealthy.
 S - a +1 pair of boots of running
Magical Staves
 a - an uncursed staff of energy (weapon)
 w - an uncursed staff of wizardry
Jewellery
 m - an amulet of magic regeneration (around neck)
 I - the ring of Phasing (right hand) {EV+8}
   (You bought it in a shop on level 3 of the Tomb of the Ancients)

   [ring of evasion]

   It affects your evasion (+8).
 V - a +4 ring of evasion (left hand)
 W - the ring "Gezeliaf" {Wiz Dex+3}
   (You took it off a deep elf mage on level 5 of the Vaults)

   [ring of wizardry]

   It improves your spell success rate.
   It affects your dexterity (+3).
Wands
 d - a wand of acid (30)
 r - a wand of clouds (2)
 G - a wand of scattershot (20)
 N - a wand of iceblast (23)
Scrolls
 h - 4 scrolls of immolation
 l - 20 scrolls of fog
 x - 38 scrolls of remove curse
 z - 26 scrolls of identify
 B - 3 scrolls of summoning
 Q - 6 scrolls of holy word
 Y - 6 scrolls of amnesia
Potions
 n - 24 potions of curing
 s - 2 potions of agility
 E - 2 potions of ambrosia
 H - 10 potions of brilliance
 J - 4 potions of magic
 M - 12 potions of might
 O - 5 potions of mutation
 P - 2 potions of resistance
 R - 4 potions of cancellation
 T - 12 potions of heal wounds
 U - 4 potions of invisibility
Miscellaneous
 e - a fan of gales
 g - 3 phantom mirrors
 q - a lamp of fire
 L - 5 sacks of spiders
 X - 2 boxes of beasts
Comestibles
 v - 37 rations


   Skills:
 - Level 10.0 Fighting
 - Level 10.0 Armour
 - Level 8.0 Dodging
 - Level 12.0 Stealth
 - Level 15.0 Shields
 - Level 16.0 Spellcasting
 - Level 6.0 Conjurations
 - Level 6.0 Charms
 - Level 1.0 Summonings
 - Level 19.0 Necromancy
   Level 0.8 Translocations
 - Level 19.0 Transmutations
 - Level 5.4 Fire Magic
 - Level 6.0 Ice Magic
 * Level 17.0 Air Magic
 O Level 27 Earth Magic
 - Level 12.0 Evocations


You couldn't memorise any spells.
You knew the following spells:

 Your Spells              Type           Power        Failure   Level  Hunger
a - Borgnjor's Vile Clut  Necr/Erth      ########..   0%          5    None
b - Shatter               Erth           ########..   3%          9    None
c - Dispel Undead         Necr           #######.     1%          5    None
d - Necromutation         Tmut/Necr      #######...   5%          8    None
e - Regeneration          Chrm/Necr      #######...   1%          3    None
f - Aura of Abjuration    Summ           ####......   36%         5    None
g - Tornado               Air            #######...   89%         9    None
h - Ozocubu's Armour      Chrm/Ice       ######..     1%          3    None
i - Bolt of Magma         Conj/Fire/Erth #######...   1%          5    None
j - Darkness              Hex            ###.......   97%         6    None

Your spell library contained the following spells:

 Spells                   Type           Power        Failure   Level  Hunger
 Animate Skeleton         Necr           N/A          0%          1    None
 Beastly Appendage        Tmut           ######       0%          1    None
 Pain                     Necr           ####         0%          1    None
 Sandblast                Erth           ######       0%          1    None
 Corpse Rot               Necr           N/A          0%          2    None
 Passwall                 Tmut/Erth      ########     0%          2    None
 Sticks to Snakes         Tmut           #######.     0%          2    None
 Sublimation of Blood     Necr           #######...   0%          2    None
 Stone Arrow              Conj/Erth      ######       0%          3    None
 Vampiric Draining        Necr           #######...   0%          3    None
 Animate Dead             Necr           N/A          0%          4    None
 Petrify                  Tmut/Erth      ########     0%          4    None
 Lee's Rapid Deconstruct  Erth           ########..   0%          5    None
 Apportation              Tloc           ####..       1%          1    None
 Confusing Touch          Hex            ###...       1%          1    None
 Corona                   Hex            ###....      1%          1    None
 Flame Tongue             Conj/Fire      #####        1%          1    None
 Freeze                   Ice            ####         1%          1    None
 Magic Dart               Conj           ####         1%          1    None
 Shock                    Conj/Air       ####         1%          1    None
 Summon Butterflies       Summ           ####....     1%          1    None
 Summon Small Mammal      Summ           ####         1%          1    None
 Call Imp                 Summ           ####....     1%          2    None
 Ensorcelled Hibernation  Hex/Ice        #####.       1%          2    None
 Poisonous Vapours        Pois/Air       ######       1%          2    None
 Searing Ray              Conj           ######       1%          2    None
 Shroud of Golubria       Chrm/Tloc      #####.       1%          2    None
 Swiftness                Chrm/Air       #######.     1%          2    None
 Throw Flame              Conj/Fire      ######       1%          2    None
 Conjure Flame            Conj/Fire      ######..     1%          3    None
 Dazzling Spray           Conj/Hex       #####.       1%          3    None
 Ignite Poison            Fire/Tmut/Pois ######..     1%          3    None
 Inner Flame              Hex/Fire       #####...     1%          3    None
 Mephitic Cloud           Conj/Pois/Air  ######..     1%          3    None
 Spider Form              Tmut/Pois      ######....   1%          3    None
 Static Discharge         Conj/Air       #######.     1%          3    None
 Airstrike                Air            #######...   1%          4    None
 Ice Form                 Ice/Tmut       #######.     1%          4    None
 Iskenderun's Mystic Bla  Conj           ######..     1%          4    None
 Leda's Liquefaction      Hex/Erth       #######...   1%          4    None
 Summon Lightning Spire   Summ/Air       ######..     1%          4    None
 Agony                    Necr           #######.     1%          5    None
 Alistair's Intoxication  Tmut/Pois      ######..     1%          5    None
 Blade Hands              Tmut           #######...   1%          5    None
 Bolt of Draining         Conj/Necr      #######...   1%          5    None
 Excruciating Wounds      Chrm/Necr      #######...   1%          5    None
 Irradiate                Conj/Tmut      #######...   1%          5    None
 Lightning Bolt           Conj/Air       #######...   1%          5    None
 Silence                  Hex/Air        ######....   1%          5    None
 Yara's Violent Unravell  Hex/Tmut       ######....   1%          5    None
 Hydra Form               Tmut           #######...   1%          6    None
 Iron Shot                Conj/Erth      #######...   1%          6    None
 Statue Form              Tmut/Erth      ########.    1%          6    None
 Dragon Form              Tmut           #######...   1%          7    None
 Conjure Ball Lightning   Conj/Air       #######...   2%          6    None
 Deflect Missiles         Chrm/Air       #######...   2%          6    None
 Slow                     Hex            ###.....     3%          2    None
 Call Canine Familiar     Summ           ####....     4%          3    None
 Gell's Gravitas          Tloc           ####......   4%          3    None
 Lesser Beckoning         Tloc           ####......   4%          3    None
 Recall                   Summ/Tloc      N/A          4%          3    None
 Summon Guardian Golem    Hex/Summ       ####....     4%          3    None
 Teleport Other           Tloc           ####....     4%          3    None
 Force Lance              Conj/Tloc      #####...     4%          4    None
 Summon Ice Beast         Ice/Summ       #####...     4%          4    None
 Iskenderun's Battlesphe  Conj/Chrm      ######..     4%          5    None
 Portal Projectile        Hex/Tloc       ####..       5%          3    None
 Fireball                 Conj/Fire      ######....   5%          5    None
 Borgnjor's Revivificati  Necr           #######...   5%          8    None
 Infestation              Necr           #######...   5%          8    None
 Confuse                  Hex            ###.....     6%          3    None
 Tukima's Dance           Hex            ###.....     6%          3    None
 Fulminant Prism          Conj/Hex       #####.....   6%          4    None
 Freezing Cloud           Conj/Ice/Air   ######....   6%          6    None
 Passage of Golubria      Tloc           N/A          14%         4    None
 Metabolic Englaciation   Hex/Ice        #####.....   17%         5    None
 Venom Bolt               Conj/Pois      #####.....   17%         5    None
 Cause Fear               Hex            ###.......   21%         4    None
 Bolt of Cold             Conj/Ice       ######....   26%         6    None
 Haunt                    Necr/Summ      ######....   28%         7    None
 Bolt of Fire             Conj/Fire      ######....   30%         6    None
 Summon Demon             Summ           ####......   36%         5    None
 Summon Forest            Summ/Tloc      ####......   36%         5    None
 Summon Mana Viper        Hex/Summ       ####....     43%         5    None
 Death's Door             Chrm/Necr      #######...   63%         8    None
 Orb of Destruction       Conj           ######....   83%         7    None
 Ring of Flames           Chrm/Fire      ######....   86%         7    None
 Shadow Creatures         Summ           N/A          91%         6    None
 Dispersal                Tloc           ####......   92%         6    None
 Invisibility             Hex            ###.....     97%         6    None
 Spellforged Servitor     Conj/Summ      #####.....   99%         7    None
 Malign Gateway           Summ/Tloc      ####......   100%        7    None
 Monstrous Menagerie      Summ           ####......   100%        7    None
 Summon Greater Demon     Summ           ####......   100%        7    None
 Summon Hydra             Summ           ####......   100%        7    None
 Discord                  Hex            ###.......   100%        8    None
 Disjunction              Tloc           ####......   100%        8    None
 Ignition                 Fire           ######....   100%        8    None
 Summon Horrible Things   Summ           ####......   100%        8    None
 Dragon's Call            Summ           ####......   100%        9    None
 Blink                    Tloc           Unusable     N/A         2    N/A
 Controlled Blink         Tloc           Unusable     N/A         8    N/A

Dungeon Overview and Level Annotations

Branches:
Dungeon (15/15)            Temple (1/1) D:5            Lair (6/6) D:11
 Shoals (4/4) Lair:2        Snake (4/4) Lair:4        Slime (0/5) Lair:6
    Orc (2/2) D:9             Elf (3/3) Orc:2        Vaults (5/5) D:13
  Crypt (3/3) Vaults:2       Tomb (3/3) Crypt:3      Depths (0/5) D:15
Ossuary (visited)           IceCv (visited)         Gauntlet (visited)

Altars:
Ashenzari
Cheibriados
Dithmenos
Elyvilon
Fedhas
Gozag
Hepliaklqana
Kikubaaqudgha
Makhleb
Nemelex Xobeh
Okawaru
Qazlal
Ru
Sif Muna
Trog
Uskayaw
Vehumet
Wu Jian
Xom
Yredelemnul
Zin
The Shining One
Beogh

Shops:
D:8 =   D:9 [   D:12 [   Orc:2 ([:*   Elf:1 [[   Elf:2 ==}   Snake:2 %}
Vaults:1 [%   Vaults:4 *   Vaults:5 !*   Tomb:3 =[

Portals:
Trove: D:13 (give 12 potions of heal wounds)

Annotations:
D:1 exclusion: electric eel


Innate Abilities, Weirdness & Mutations

You cannot be hasted, slowed, berserked, paralysed or teleported.
You can dig through walls and to a lower floor.
Your four strong arms can wield two-handed weapons with a shield.
You have a pair of large antennae on your head. (SInv)
Your mind is acute. (Int +2)
You are somewhat resistant to further mutation.
You are covered in fur. (AC +1)
You are resistant to electric shocks. (rElec)


Message History

[c] - 273 gold - heal wounds and magic Purchase which effect?
You feel much better. Magic courses through your body.
You are engulfed in blessed fire.
Your skin is crawling a little less now.
The zombie hands constrict the daeva!!
The zombie hands constrict the angel!!
The angel gestures.
The angel is healed somewhat.
The angel hits you but does no damage. You block the angel's attack.
The pearl dragon becomes distracted by the nearby gold, dreaming of imaginary riches.
The angel becomes distracted by the nearby gold, dreaming of imaginary riches.
The angel hits you with a +1 whip of holy wrath!
The angel completely misses you. The daeva hits you but does no damage.
The daeva hits you with a +3 eudemon blade of holy wrath.
You die...
Your body crumbles into a pile of gold.

▓▓▓▓▓▓▓▓▓
.....GD§▓▓
.....AA@A▓▓
...$.AAAD.▓▓
...AA$.Y...▓▓
....D.A.....▓▓
....A........▓▓
............∩.▓
.............▓▓
............▓▓
..........▓▓


You could see an apis, 4 daevas, 3 pearl dragons, 3 angels, an ophan and 3
cherubim.

Vanquished Creatures
  Mara (Elf:3)
  7 ancient liches
  31 greater mummies
  The ghost of Xenat the Impregnable, a veteran MiGl of Hepliaklqana (Crypt:3)
  Bai Suzhen (Vaults:2)
  3 shard shrikes (Zig:9)
  2 golden dragons (Vaults:4)
  Jory (Crypt:2)
  A profane servitor (Zig:8)
  2 pearl dragons (Zig:14)
  2 bone dragons (Crypt:3)
  8 liches
  2 iron giants (Zig:11)
  A pandemonium lord (Zig:1)
  A hellephant (Zig:13)
  Jorgrun (Elf:1)
  2 Ice Fiends (Zig:9)
  2 tentacled monstrosities (Vaults:5)
  Asterion (Snake:3)
  A shard shrike skeleton (Crypt:2)
  3 quicksilver dragons
  4 deep elf blademasters
  3 deep elf master archers
  A kraken (Shoals:4)
  Frances (Elf:1)
  2 tentacled starspawn
  11 sphinxes
  13 ancient champions
  A thorn hunter (Zig:5)
  A tengu reaver (Vaults:5)
  2 shadow dragons (Vaults:4)
  2 storm dragons (Vaults:4)
  Roxanne (Snake:4)
  10 nagarajas
  2 daevas (Zig:14)
  Ilsuiw (Shoals:2)
  9 revenants
  3 deep elf sorcerers
  7 fire giants
  9 frost giants
  Aizul (Snake:4)
  4 emperor scorpions (Zig:10)
  16 vault wardens
  3 ghost moths (Zig:10)
  An orc warlord (Orc:2)
  3 curse skulls
  The ghost of Teryn the Abyss-Baptised, a journeyman DsAK of Lugonu (Shoals:3)
  A juggernaut zombie (Crypt:2)
  A cacodemon (Tomb:1)
  8 ironheart preservers
  2 deep elf elementalists
  An angel (Zig:14)
  2 ghouls
  A caustic shrike skeleton (Crypt:1)
  4 very ugly things
  7 stone giants
  2 war gargoyles
  22 bennus
  5 entropy weavers
  4 vampire knights
  4 reapers
  2 apis (Zig:14)
  An ophan (Abyss:4)
  12 deep elf annihilators
  Nessos (Lair:6)
  7 deep elf demonologists
  A minotaur (Gauntlet)
  9 merfolk javelineers
  4 ettins
  22 mummy priests
  5 eidola
  Josephine (D:11)
  A blizzard demon (Zig:9)
  2 death oozes (Crypt:3)
  6 deep elf high priests
  4 fire dragons
  9 deep elf death magi
  15 yaktaur captains
  6 jiangshi
  11 ogre magi
  4 great orbs of eyes
  Erolcha (D:13)
  2 quicksilver dragon skeletons
  9 merfolk impalers
  An ice dragon (Zig:7)
  8 naga warriors
  4 rakshasas
  5 anacondas
  3 death knights
  16 hydras
  A catoblepas (D:14)
  4 merfolk avatars
  36 vault guards
  A two-headed ogre (shapeshifter) (Zig:7)
  10 centaur warriors
  35 two-headed ogres
  An alligator (Zig:5)
  7 merfolk aquamancers
  3 tengu warriors
  7 satyrs
  6 death yaks
  74 death scarabs
  3 orc high priests
  2 thrashing horrors (Abyss:4)
  4 shock serpents
  10 naga sharpshooters
  A storm dragon zombie (Zig:11)
  4 vampire magi
  3 sun demons (Abyss:4)
  A titan skeleton (Tomb:2)
  A soul eater (Crypt:2)
  14 deep elf knights
  68 skeletal warriors
  2 storm dragon skeletons (Crypt:3)
  A hell knight (Zig:13)
  A spatial maelstrom (Zig:13)
  5 shadow wraiths
  9 sea snakes
  A sea snake (shapeshifter) (Vaults:3)
  2 salamander mystics
  2 fire crabs (Lair:6)
  5 deep trolls
  A sixfirhy (Abyss:4)
  A death drake (shapeshifter) (Vaults:1)
  A golden dragon zombie (Tomb:1)
  A swamp dragon (Zig:5)
  5 unseen horrors
  3 wizards
  9 flayed ghosts
  9 naga ritualists
  A tengu zombie (Zig:11)
  4 obsidian statues
  11 deep elf archers
  2 glowing orange brains
  25 ironbrand convokers
  3 necromancers
  2 harpies (shapeshifter)
  A golden dragon skeleton (Crypt:3)
  2 wolf spider zombies (Tomb:3)
  13 phantasmal warriors
  14 harpies
  2 orange crystal statues (Zig:6)
  8 mana vipers
  32 ugly things
  17 orc knights
  A shadow dragon skeleton (Crypt:3)
  2 cyclopes
  58 deep elf magi
  9 wolf spiders
  4 orb spiders
  2 frost giant zombies
  12 manticores
  A cyclops (shapeshifter) (Vaults:5)
  5 orc sorcerers
  2 iron dragon zombies
  14 fauns
  A moth of wrath (Zig:10)
  8 salamanders
  3 stone giant skeletons
  3 ice statues
  18 naga magi
  10 merfolk sirens
  2 stone giant zombies
  2 frost giant skeletons
  Maurice (D:12)
  A moth of wrath (shapeshifter) (D:15)
  4 fire giant skeletons (Crypt:3)
  4 guardian serpents
  3 apocalypse crabs
  36 black mambas
  2 molten gargoyles (Lair:6)
  8 large abominations
  5 rust devils (Zig:11)
  12 vault sentinels
  6 water nymphs
  9 spiny frogs
  A yellow draconian zombie (Crypt:2)
  3 kobold demonologists (D:15)
  A red draconian zombie (Crypt:3)
  4 rime drakes
  An efreet (Zig:13)
  3 tormentors (Zig:11)
  5 demonic crawlers
  A tengu conjurer (Gauntlet)
  44 yaktaurs
  6 komodo dragons
  A swamp worm zombie (Crypt:2)
  10 freezing wraiths
  A komodo dragon (shapeshifter) (D:14)
  A catoblepas skeleton (Tomb:3)
  3 ice devils
  2 hydra zombies
  A yaktaur skeleton (Vaults:1)
  8 trolls
  47 guardian mummies
  A jumping spider (shapeshifter) (Elf:2)
  3 ancient zymes
  A grey draconian skeleton (Crypt:3)
  7 wind drakes
  4 jumping spiders
  24 merfolk
  20 polar bears
  A wind drake (shapeshifter) (D:15)
  10 hornets
  A polar bear (shapeshifter) (Vaults:2)
  A meliai (D:14)
  A meliai (shapeshifter) (Vaults:4)
  5 raiju
  A blink frog (shapeshifter) (Vaults:1)
  A tengu simulacrum (Vaults:3)
  A hydra skeleton (Crypt:3)
  3 tyrant leeches
  A bog body (Crypt:2)
  41 slime creatures
  11 snapping turtles
  11 blink frogs
  14 hippogriffs
  An ettin zombie (Crypt:3)
  2 dream sheep (Shoals:3)
  An ice dragon zombie (Crypt:3)
  2 centaur simulacra
  37 flying skulls
  4 shadows
  12 starcursed masses (Zig:13)
  A fire dragon skeleton (Crypt:3)
  14 wraiths
  3 vampires (D:14)
  3 air elementals
  A spriggan (shapeshifter) (Vaults:5)
  15 water elementals
  A black mamba zombie (Lair:5)
  9 ushabtiu
  2 tarantellas (shapeshifter)
  2 ice dragon skeletons (Crypt:3)
  7 redbacks
  64 yaks
  4 tarantellas
  10 wyverns
  5 basilisks
  A black mamba skeleton (Lair:4)
  A golden eye (Zig:13)
  A tyrant leech zombie (Gauntlet)
  2 steam dragons (Lair:6)
  2 fire elementals
  2 chaos spawn
  3 hungry ghosts
  A vampire mosquito (D:14)
  A human simulacrum (Vaults:1)
  Menkaure (D:7)
  A soldier ant (D:13)
  A gelid demonspawn zombie (Crypt:3)
  6 wargs
  A monstrous demonspawn zombie (Crypt:2)
  3 swamp worms (Gauntlet)
  A harpy simulacrum (Tomb:1)
  45 nagas
  A soldier ant (shapeshifter) (Vaults:1)
  A spatial vortex (Zig:13)
  2 acid dragons
  4 spiny frog zombies
  2 water nymph skeletons (Crypt:1)
  7 porcupines
  A water moccasin (shapeshifter) (Vaults:5)
  10 water moccasins
  An orb spider zombie (Gauntlet)
  9 small abominations
  6 hell hounds
  Duvessa (D:6)
  45 orc warriors
  A hornet zombie (D:15)
  A merfolk skeleton (Crypt:3)
  2 elf zombies
  2 sky beasts
  A human zombie (Vaults:1)
  4 phantoms
  A spriggan simulacrum (Zig:9)
  A blink frog zombie (Crypt:2)
  3 spiny frog skeletons
  A wolf (shapeshifter) (Vaults:2)
  26 ogres
  3 ice beasts
  30 wolves
  3 boggarts
  A manticore zombie (Crypt:1)
  An ogre (shapeshifter) (D:14)
  A human skeleton (Vaults:1)
  4 necrophages
  16 centaurs
  A torpor snail zombie (Lair:4)
  3 swamp dragon skeletons (Crypt:3)
  16 crocodiles
  5 big kobolds
  14 rime drake zombies
  A blink frog skeleton (Lair:3)
  A salamander zombie (Crypt:1)
  2 hippogriff zombies (Lair:3)
  3 rime drake skeletons (IceCv)
  A gnoll sergeant (D:7)
  11 bullfrogs
  2 earth elementals
  4 komodo dragon skeletons
  Dowan (D:6)
  A wyvern skeleton (D:7)
  6 scorpions
  A wyvern zombie (Lair:5)
  7 killer bees
  A manticore simulacrum (Crypt:1)
  A yak zombie (Lair:5)
  6 wights
  2 polar bear zombies (IceCv)
  2 spriggan skeletons
  3 howler monkeys
  A vampire bat (Orc:1)
  3 electric eels
  6 centaur zombies
  A polar bear skeleton (IceCv)
  A wolf skeleton (Crypt:3)
  10 crimson imps
  5 lava snakes (Lair:6)
  2 basilisk zombies
  3 hounds
  2 quasits
  2 bullfrog zombies
  4 centaur skeletons
  2 jellies
  26 orc priests
  32 orc wizards
  2 bullfrog skeletons
  6 iguanas
  2 iron imps (Zig:11)
  Ijyb (D:5)
  A black bear skeleton (Crypt:3)
  4 hell rats (Lair:6)
  A porcupine zombie (Lair:5)
  5 worker ants
  A porcupine skeleton (Lair:3)
  An acid dragon zombie (Gauntlet)
  3 crocodile zombies
  A big kobold zombie (Ossuary)
  3 crocodile skeletons (Lair:4)
  A deep dwarf skeleton (Crypt:2)
  A demigod skeleton (Crypt:3)
  2 hound skeletons
  51 mummies
  A worker ant zombie (D:7)
  5 gnolls (D:7)
  2 swamp drake zombies
  14 adders
  6 shadow imps
  2 white imps (D:15)
  2 ufetubi (D:15)
  5 oozes
  An adder zombie (Ossuary)
  An adder skeleton (D:4)
  4 worms
  2 dart slugs
  5 leopard geckos
  112 orcs
  3 giant cockroaches
  7 hobgoblins
  12 jackals
  8 quokkas
  5 ball pythons
  13 bats
  9 frilled lizards
  14 goblins
  A goblin skeleton (Crypt:1)
  16 hobgoblin zombies
  A jackal skeleton (Crypt:1)
  A jackal zombie (Ossuary)
  15 kobolds
  11 kobold zombies (Ossuary)
  A leopard gecko skeleton (D:3)
  An orc skeleton (Crypt:3)
  4 orc zombies (Ossuary)
  A quokka skeleton (D:4)
  7 rats
  A rat zombie (Ossuary)
  2 fungi (Lair:2)
  6 plants
  8 tentacles
  11 withered plants (Crypt:3)
2533 creatures vanquished.

Vanquished Creatures (others)
  3 deep elf master archers (Elf:3)
  A kraken (Shoals:2)
  A stone giant (Vaults:5)
  2 yaktaur captains
  2 centaur warriors
  2 satyrs (Shoals:3)
  21 dancing weapons
  2 naga sharpshooters
  2 cyclopes
  A merfolk siren (Shoals:2)
  2 naga magi
  7 yaktaurs
  2 merfolk
  A golden eye (Abyss:4)
  An ogre (Vaults:5)
  A wolf (IceCv)
  A centaur (Shoals:4)
  2 killer bees (D:10)
  An ufetubus (D:15)
  A kobold (D:15)
  A fungus (Lair:5)
  4 plants
  A starspawn tentacle (Abyss:4)
  11 tentacles
  A withered plant (Gauntlet)
74 creatures vanquished.

Grand Total: 2607 creatures vanquished

Notes
Turn   | Place    | Note
-------+----------+-------------------------------------------
     0 | D:1      | DildoBatman the Formicid Wizard began the quest for the
                  | Orb.
     0 | D:1      | Reached XP level 1. HP: 13/13 MP: 4/4
     7 | D:1      | Noticed an electric eel
     9 | D:1      | Noticed an electric eel
    11 | D:1      | Reached skill level 1 in Conjurations
   358 | D:1      | Reached XP level 2. HP: 19/19 MP: 0/6
   888 | D:2      | Reached XP level 3. HP: 24/24 MP: 2/7
  1040 | D:2      | Learned a level 3 spell: Conjure Flame
  1044 | D:2      | Learned a level 3 spell: Mephitic Cloud
  1400 | D:2      | Reached XP level 4. HP: 30/30 MP: 5/8
  2017 | D:3      | Reached XP level 5. HP: 32/35 MP: 6/9
  2679 | D:4      | Reached skill level 5 in Conjurations
  2679 | D:4      | Reached XP level 6. HP: 41/41 MP: 0/10
  3257 | D:4      | Found an ornate altar of the Wu Jian Council.
  3261 | D:4      | Found an opulent altar of Gozag.
  3265 | D:4      | Found a basalt altar of Yredelemnul.
  3364 | D:4      | Found a white marble altar of Elyvilon.
  3628 | D:5      | Entered Level 5 of the Dungeon
  3707 | D:5      | Reached skill level 1 in Fire Magic
  3707 | D:5      | Reached XP level 7. HP: 41/46 MP: 5/11
  3885 | D:5      | Noticed Ijyb
  4013 | D:5      | Found a sand-covered staircase.
  4023 | Ossuary  | Entered an ossuary
  4376 | D:5      | Reached XP level 8. HP: 52/52 MP: 8/12
  4455 | D:5      | Got a jewelled whip
  4456 | D:5      | Identified the +9 whip of Supply {elec, rN+ Str-2 SInv
                  | Stlth+} (You found it on level 5 of the Dungeon)
  4753 | D:5      | Found a staircase to the Ecumenical Temple.
  4761 | Temple   | Entered the Ecumenical Temple
  4985 | Temple   | Became a worshipper of Kikubaaqudgha
  5048 | Temple   | Reached skill level 5 in Fire Magic
  5179 | D:4      | Reached skill level 1 in Air Magic
  6413 | D:6      | Reached * piety under Kikubaaqudgha
  6413 | D:6      | Identified Kikubaaqudgha's Catalogue of Evil Secrets
                  | (Kikubaaqudgha gifted it to you on level 6 of the Dungeon)
  6413 | D:6      | Received a gift from Kikubaaqudgha
  6418 | D:6      | Learned a level 2 spell: Sublimation of Blood
  6422 | D:6      | Learned a level 3 spell: Regeneration
  6845 | D:6      | Noticed Duvessa
  6846 | D:6      | Noticed Dowan
  6851 | D:6      | Killed Duvessa
  6851 | D:6      | Reached XP level 9. HP: 47/57 MP: 3/13
  6862 | D:6      | Killed Dowan
  6862 | D:6      | Reached skill level 5 in Air Magic
  7117 | D:7      | Reached skill level 1 in Charms
  7117 | D:7      | Reached skill level 1 in Necromancy
  7119 | D:7      | Noticed Menkaure
  7126 | D:7      | Killed Menkaure
  7197 | D:7      | Found a bloodstained altar of Trog.
  7234 | D:7      | Found the +9 staff of Olgreb {rPois}
  7255 | D:7      | Noticed a hippogriff
  7265 | D:7      | Killed a hippogriff
  7646 | D:7      | Reached skill level 5 in Necromancy
  7771 | D:8      | Noticed a two-headed ogre
  7930 | D:8      | Killed a two-headed ogre
  7930 | D:8      | Reached XP level 10. HP: 47/63 MP: 2/14
  8095 | D:8      | Found Fitoifa's Jewellery Emporium.
  8105 | D:8      | Reached ** piety under Kikubaaqudgha
  8124 | D:8      | Noticed a two-headed ogre
  8659 | D:8      | Killed a two-headed ogre
  8744 | D:9      | Found a glowing golden altar of the Shining One.
  8804 | D:8      | Bought an uncursed amulet of faith for 520 gold pieces
  8822 | D:9      | Found a staircase to the Orcish Mines.
  8822 | D:9      | Found Qetiris's Armour Shop.
  9119 | D:9      | Reached skill level 5 in Spellcasting
  9519 | D:10     | Entered Level 10 of the Dungeon
  9717 | D:10     | Reached XP level 11. HP: 55/68 MP: 15/20
  9930 | D:10     | Reached *** piety under Kikubaaqudgha
  9930 | D:10     | Identified Kikubaaqudgha's Volume of Unholy Magic
                  | (Kikubaaqudgha gifted it to you on level 10 of the Dungeon)
  9930 | D:10     | Received a gift from Kikubaaqudgha
  9939 | D:10     | Noticed an unseen horror
  9958 | D:10     | Killed an unseen horror
  9966 | D:10     | Reached skill level 1 in Shields
  9982 | D:10     | Learned a level 5 spell: Dispel Undead
  9988 | D:10     | Learned a level 5 spell: Borgnjor's Vile Clutch
 10421 | D:11     | Found a staircase to the Lair.
 10482 | D:11     | Reached skill level 5 in Shields
 10484 | D:11     | Noticed a two-headed ogre
 10523 | D:11     | Killed a two-headed ogre
 10858 | D:11     | Noticed Josephine
 10978 | D:11     | Killed Josephine
 11042 | D:11     | You fall into a shaft and drop 1 floor!
 11080 | D:12     | Found Eklyzim's Antique Armour Emporium.
 11109 | D:12     | Noticed an unseen horror
 11514 | D:11     | Noticed an orc knight
 11518 | D:11     | Reached skill level 1 in Earth Magic
 11518 | D:11     | Killed an orc knight
 11518 | D:11     | Reached skill level 2 in Earth Magic
 11518 | D:11     | Reached skill level 3 in Earth Magic
 11518 | D:11     | Reached **** piety under Kikubaaqudgha
 11671 | Orc:1    | Entered Level 1 of the Orcish Mines
 11693 | Orc:1    | Reached skill level 4 in Earth Magic
 11693 | Orc:1    | Reached XP level 12. HP: 64/74 MP: 13/23
 11723 | Orc:1    | Reached skill level 5 in Earth Magic
 12050 | Orc:1    | Reached skill level 6 in Earth Magic
 12336 | Orc:2    | Entered Level 2 of the Orcish Mines
 12371 | Orc:2    | Reached skill level 7 in Earth Magic
 12406 | Orc:2    | Noticed an orc high priest
 12418 | Orc:2    | Killed an orc high priest
 12430 | Orc:2    | Reached skill level 8 in Earth Magic
 12698 | Orc:2    | Reached ***** piety under Kikubaaqudgha
 12698 | Orc:2    | Reached skill level 9 in Earth Magic
 12813 | Orc:2    | Noticed an orc warlord
 12914 | Orc:2    | Killed an orc warlord
 12914 | Orc:2    | Reached skill level 1 in Fighting
 12914 | Orc:2    | Reached skill level 1 in Armour
 13065 | Orc:2    | Found a roughly hewn altar of Beogh.
 13098 | Orc:2    | Found Ceovvyma's Antique Armour Boutique.
 13117 | Orc:2    | Noticed an orc high priest
 13168 | Orc:2    | Killed an orc high priest
 13168 | Orc:2    | Reached skill level 10 in Necromancy
 13168 | Orc:2    | Reached XP level 13. HP: 52/85 MP: 4/24
 13221 | Orc:2    | Found Ibint's Antique Weapon Boutique.
 13244 | Orc:2    | Reached skill level 10 in Earth Magic
 13391 | Orc:2    | Found a staircase to the Elven Halls.
 13608 | Orc:2    | Found Juiwinov's Book Boutique.
 13623 | Orc:2    | Found Daonei's General Store.
 13938 | Lair:1   | Entered Level 1 of the Lair of Beasts
 13940 | Lair:1   | Got a pair of polished gloves
 13951 | Lair:1   | Identified the +1 pair of gloves "Miebaji" {rN+ Int+4
                  | Dex-3} (You found it on level 1 of the Lair of Beasts)
 14144 | Lair:1   | Noticed a seven-headed hydra
 14157 | Lair:1   | Killed a seven-headed hydra
 15073 | Lair:2   | Reached skill level 5 in Armour
 15094 | Lair:2   | Reached skill level 5 in Fighting
 15126 | Lair:2   | Reached skill level 5 in Dodging
 15229 | Lair:2   | Reached ****** piety under Kikubaaqudgha
 15230 | Lair:2   | Received a gift from Kikubaaqudgha
 15234 | Lair:2   | Fell from the grace of Kikubaaqudgha
 15488 | D:4      | Became a worshipper of Gozag Ym Sagoz the Greedy
 15555 | D:5      | Killed Ijyb
 15820 | Lair:2   | Found a staircase to the Shoals.
 16304 | Lair:3   | Found a frozen archway.
 16423 | IceCv    | Entered an ice cave
 16751 | IceCv    | Reached XP level 14. HP: 88/103 MP: 20/25
 17102 | IceCv    | Noticed a frost giant
 17111 | IceCv    | Killed a frost giant
 17156 | IceCv    | Identified Telir's Disquisition on Ice
 18236 | Lair:4   | Found a staircase to the Snake Pit.
 18415 | Lair:4   | Found a gate leading to a gauntlet.
 18427 | Gauntlet | Entered a Gauntlet
 18427 | Gauntlet | Found a transporter.
 18435 | Gauntlet | Found a transporter.
 18437 | Gauntlet | Found a transporter.
 18446 | Gauntlet | Found a transporter.
 18448 | Gauntlet | Found a transporter.
 18458 | Gauntlet | Found a transporter.
 18474 | Gauntlet | Found a transporter.
 18484 | Gauntlet | Found the +2 pair of boots of the Assassin {Detection Stab+
                  | Stlth++}
 18484 | Gauntlet | Found a transporter.
 18494 | Gauntlet | Found a transporter.
 18518 | Gauntlet | Found a transporter.
 18519 | Gauntlet | Found a transporter.
 18528 | Gauntlet | Found a transporter.
 18566 | Gauntlet | Found a transporter.
 18580 | Gauntlet | Found a transporter.
 18597 | Gauntlet | Learned a level 5 spell: Bolt of Draining
 18853 | Gauntlet | Identified the amulet of Cheibriados's Delight {Faith +Inv
                  | +Fly rPois}
 18853 | Gauntlet | Noticed a minotaur
 18861 | Gauntlet | Killed a minotaur
 19676 | Lair:5   | Was forgiven by Kikubaaqudgha
 20226 | Lair:6   | Entered Level 6 of the Lair of Beasts
 20398 | Lair:6   | Reached skill level 10 in Armour
 20398 | Lair:6   | Reached XP level 15. HP: 115/115 MP: 14/27
 20407 | Lair:6   | Reached skill level 10 in Fighting
 20697 | Lair:6   | Identified a scroll of acquirement
 20785 | Lair:6   | Reached skill level 10 in Spellcasting
 20903 | Lair:6   | Noticed Nessos
 20905 | Lair:6   | Killed Nessos
 20980 | Lair:6   | Found a large runed translucent door.
 21053 | Lair:6   | Found a large runed translucent door.
 21712 | Lair:6   | Found a staircase to the Slime Pits.
 22069 | D:11     | Upgraded the game from 0.24.0 to 0.24.0-1-gfbc8707122
 22351 | D:12     | Noticed Maurice
 22370 | D:12     | Killed Maurice
 22647 | D:12     | Bought an embroidered cloak for 195 gold pieces
 22647 | D:12     | Bought a glowing large shield for 195 gold pieces
 22647 | D:12     | Bought a pair of embroidered boots for 195 gold pieces
 22794 | Orc:2    | Bought a potion of agility for 56 gold pieces
 22857 | D:8      | Bought the ring of the Ladybird {+Blink rPois rF+ MP+9
                  | Slay+3} for 751 gold pieces
 22928 | Orc:2    | Bought the +3 Elemental Staff {rElec rF++ rC++ MR++ AC+5}
                  | for 1328 gold pieces
 22928 | Orc:2    | Found the +3 Elemental Staff {rElec rF++ rC++ MR++ AC+5}
 23417 | D:13     | Reached XP level 16. HP: 122/122 MP: 32/32
 23438 | D:13     | Found a portal to a secret trove of treasure.
 23459 | D:13     | Noticed Erolcha
 23479 | D:13     | Killed Erolcha
 23479 | D:13     | Reached skill level 10 in Shields
 23759 | D:13     | Found a gate to the Vaults.
 24241 | D:14     | Found a sacrificial altar of Ru.
 24961 | D:14     | Noticed a frost giant
 25014 | D:14     | Killed a frost giant
 25134 | D:14     | Got a twisted great mace
 25141 | D:14     | Identified the cursed +1 great mace of Seec {antimagic, rF-
                  | Str+4 Int+5} (You found it on level 14 of the Dungeon)
 25150 | D:14     | Got a crude cloak
 25162 | D:14     | Identified the +1 cloak of the Hundredfold Coins {rPois rN+
                  | Stlth+} (You found it on level 14 of the Dungeon)
 25171 | D:14     | Gained mutation: Your muscles are strong. (Str +2) [potion
                  | of mutation]
 25171 | D:14     | Gained mutation: You are covered in fur. (AC +1) [potion of
                  | mutation]
 25411 | D:15     | Entered Level 15 of the Dungeon
 25470 | D:15     | Found an iron altar of Okawaru.
 26448 | D:15     | Found a staircase to the Depths.
 26949 | Shoals:1 | Entered Level 1 of the Shoals
 26983 | Snake:1  | Entered Level 1 of the Snake Pit
 27019 | Snake:1  | Found a flickering gateway to a bazaar.
 27109 | Snake:1  | Reached XP level 17. HP: 23/128 MP: 18/34
 27211 | Bazaar   | Entered a bazaar
 27237 | Bazaar   | Found Intiysie's Magic Scroll Boutique.
 27263 | Bazaar   | Found Vyalomad's Magic Scroll Emporium.
 27272 | Bazaar   | Found Siuh's General Store.
 27313 | Bazaar   | Found Ocwuc's Gadget Shoppe.
 27378 | Bazaar   | Bought a scroll of fog for 24 gold pieces
 27378 | Bazaar   | Bought a scroll of magic mapping for 42 gold pieces
 27378 | Bazaar   | Bought a scroll of identify for 24 gold pieces
 27378 | Bazaar   | Bought a scroll of identify for 24 gold pieces
 27378 | Bazaar   | Bought a scroll of fog for 24 gold pieces
 27402 | Bazaar   | Bought a scroll of identify for 24 gold pieces
 27402 | Bazaar   | Bought a scroll of identify for 24 gold pieces
 27411 | Bazaar   | Bought a scroll of holy word for 75 gold pieces
 27411 | Bazaar   | Bought a potion of curing for 30 gold pieces
 27411 | Bazaar   | Bought a scroll of magic mapping for 35 gold pieces
 28184 | Snake:2  | Reached skill level 15 in Shields
 28293 | Snake:2  | Found Uhiexu's Gadget Emporium.
 28293 | Snake:2  | Found Miopae's Food Shoppe.
 28319 | Snake:2  | Bought a wand of acid (11) for 360 gold pieces
 28508 | Snake:2  | Learned a level 8 spell: Necromutation
 28754 | D:9      | Bought a +0 pair of gloves of dexterity for 115 gold pieces
 29252 | Snake:3  | Noticed Asterion
 29265 | Snake:3  | Killed Asterion
 29461 | Snake:3  | Reached skill level 15 in Spellcasting
 29574 | Snake:3  | Reached skill level 5 in Stealth
 29633 | Snake:3  | Found a snail-covered altar of Cheibriados.
 30228 | Snake:4  | Entered Level 4 of the Snake Pit
 30302 | Snake:4  | Noticed Aizul
 30328 | Snake:4  | Killed Aizul
 30427 | Snake:4  | Reached XP level 18. HP: 102/134 MP: 31/37
 30449 | Snake:4  | Noticed Roxanne
 30496 | Snake:4  | Killed Roxanne
 30554 | Snake:4  | Learned a level 3 spell: Ozocubu's Armour
 30560 | Snake:4  | Learned a level 5 spell: Bolt of Magma
 30811 | Snake:4  | Reached skill level 1 in Ice Magic
 31035 | Snake:4  | Reached skill level 10 in Stealth
 31149 | Snake:4  | Reached skill level 5 in Charms
 31159 | Snake:4  | Reached skill level 11 in Earth Magic
 31335 | Snake:4  | Got a serpentine rune of Zot
 32454 | Shoals:2 | Noticed Ilsuiw
 32476 | Shoals:2 | Killed Ilsuiw
 32514 | Shoals:2 | Reached XP level 19. HP: 140/140 MP: 27/38
 32693 | Shoals:2 | Reached skill level 5 in Ice Magic
 32930 | Shoals:2 | Reached skill level 12 in Earth Magic
 33295 | Shoals:3 | Found a runed translucent door.
 33295 | Shoals:3 | Noticed Teryn's ghost (journeyman DsAK)
 33323 | Shoals:3 | Killed Teryn's ghost
 34177 | Shoals:4 | Entered Level 4 of the Shoals
 34462 | Shoals:4 | Found a stormy altar of Qazlal.
 35274 | Shoals:4 | Got a barnacled rune of Zot
 35450 | Shoals:4 | Reached XP level 20. HP: 132/147 MP: 29/40
 36478 | Vaults:1 | Entered Level 1 of the Vaults
 37427 | Vaults:1 | Reached skill level 15 in Necromancy
 37825 | Vaults:1 | Found Empask's Food Shoppe.
 38151 | Vaults:2 | Noticed Bai Suzhen
 38161 | Vaults:2 | Killed Bai Suzhen
 38210 | Vaults:2 | Reached skill level 1 in Evocations
 38790 | Vaults:2 | Reached XP level 21. HP: 153/153 MP: 39/41
 38825 | Vaults:2 | Reached skill level 5 in Transmutations
 39154 | Vaults:2 | Found a staircase to the Crypt.
 39154 | Vaults:2 | Found an ancient bone altar of Kikubaaqudgha.
 39155 | Vaults:2 | Found a basalt altar of Yredelemnul.
 39627 | Vaults:2 | Learned a level 9 spell: Shatter
 39641 | Vaults:3 | Reached skill level 5 in Evocations
 41105 | Vaults:4 | Reached XP level 22. HP: 144/159 MP: 32/42
 41142 | Vaults:4 | Reached skill level 10 in Transmutations
 41296 | Vaults:4 | Found Maonoir's Assorted Antiques.
 41309 | Vaults:4 | Bought a hardcover book for 645 gold pieces
 41311 | Vaults:4 | Bought a scroll of identify for 86 gold pieces
 42469 | Elf:1    | Entered Level 1 of the Elven Halls
 42469 | Elf:1    | Found Utaafyse's Armour Shoppe.
 42714 | Elf:1    | Noticed Frances
 42722 | Elf:1    | Killed Frances
 42735 | Elf:1    | Noticed Jorgrun
 42742 | Elf:1    | Found Qeulex's Antique Armour Boutique.
 42898 | Elf:1    | Killed Jorgrun
 43562 | Elf:2    | Found Qedimpun's Gadget Shoppe.
 43562 | Elf:2    | Found Xuuptef's Jewellery Boutique.
 43563 | Elf:2    | Found Myivuj's Jewellery Boutique.
 43919 | Elf:2    | Found a runed translucent gate.
 43919 | Elf:2    | Found a runed translucent gate.
 43919 | Elf:2    | Found a runed translucent gate.
 44526 | Elf:3    | Entered Level 3 of the Elven Halls
 44587 | Elf:3    | Reached XP level 23. HP: 140/165 MP: 34/43
 44664 | Elf:3    | Noticed Mara
 45370 | Elf:3    | Identified the cursed +1 mace "Upipo" {antimagic, *Slow
                  | rElec Str+3}
 45440 | Elf:3    | Identified the Papyrus of Ashen Snow
 45484 | Elf:3    | Reached skill level 15 in Transmutations
 45807 | Elf:3    | Noticed DildoBatman's illusion
 45807 | Elf:3    | Killed Mara
 46135 | Crypt:1  | Entered Level 1 of the Crypt
 46476 | Elf:2    | Bought an uncursed amulet of magic regeneration for 450
                  | gold pieces
 47612 | Crypt:2  | Noticed Jory
 47618 | Crypt:2  | Killed Jory
 47618 | Crypt:2  | Reached XP level 24. HP: 172/172 MP: 13/43
 48113 | Crypt:3  | Entered Level 3 of the Crypt
 48510 | Crypt:3  | Found a runed translucent door.
 48520 | Crypt:3  | Noticed Xenat's ghost (veteran MiGl)
 48534 | Crypt:3  | Killed Xenat's ghost
 48802 | Crypt:3  | Reached skill level 13 in Earth Magic
 48806 | Crypt:3  | Found a basalt altar of Yredelemnul.
 48958 | Crypt:3  | Noticed an ancient lich
 48966 | Crypt:3  | Killed an ancient lich
 48977 | Crypt:3  | Reached skill level 14 in Earth Magic
 48992 | Crypt:3  | Found the +2 hat of the Bear Spirit {Spirit, +Rage rN+
                  | MR++}
 49137 | Crypt:3  | Found a staircase to the Tomb.
 49442 | Crypt:3  | Found the +8 demon blade "Leech" {vamp, rN+ AC-3 EV-3}
 49463 | Crypt:3  | Identified the Grimoire of Frigorific Summoning
 49482 | Crypt:3  | Got a twisted shortbow
 49486 | Crypt:3  | Identified the +7 shortbow "Cofimadgh" {velocity, rC+
                  | Dex+4} (You found it on level 3 of the Crypt)
 49525 | Crypt:3  | Reached skill level 15 in Earth Magic
 49575 | Crypt:3  | Reached XP level 25. HP: 150/177 MP: 41/43
 49906 | Tomb:1   | Entered Level 1 of the Tomb of the Ancients
 50070 | Tomb:1   | Reached skill level 16 in Earth Magic
 50179 | Tomb:1   | Reached skill level 17 in Earth Magic
 50458 | Tomb:1   | Noticed an ancient lich
 50463 | Tomb:1   | Killed an ancient lich
 50582 | Tomb:1   | Noticed a greater mummy
 50600 | Tomb:1   | Killed a greater mummy
 50623 | Tomb:1   | Reached skill level 18 in Earth Magic
 51140 | Tomb:1   | Noticed a greater mummy
 51148 | Tomb:1   | Noticed a greater mummy
 51151 | Tomb:1   | Noticed a greater mummy
 51153 | Tomb:1   | Noticed a greater mummy
 51157 | Tomb:1   | Noticed a greater mummy
 51186 | Tomb:1   | Killed a greater mummy
 51299 | Tomb:1   | Killed a greater mummy
 51353 | Tomb:1   | Killed a greater mummy
 51353 | Tomb:1   | Reached skill level 19 in Earth Magic
 51364 | Tomb:1   | Killed a greater mummy
 51390 | Tomb:1   | Noticed a greater mummy
 51396 | Tomb:1   | Killed a greater mummy
 51400 | Tomb:1   | Killed a greater mummy
 51443 | Tomb:1   | Noticed a greater mummy
 51453 | Tomb:1   | Killed a greater mummy
 51453 | Tomb:1   | Reached skill level 20 in Earth Magic
 51453 | Tomb:1   | Reached XP level 26. HP: 74/184 MP: 19/43
 51456 | Tomb:1   | Noticed a greater mummy
 51553 | Tomb:1   | Killed a greater mummy
 51557 | Tomb:1   | Noticed a greater mummy
 51568 | Tomb:1   | Killed a greater mummy
 51603 | Tomb:1   | Noticed a greater mummy
 51620 | Tomb:1   | Killed a greater mummy
 51731 | Tomb:1   | Noticed a greater mummy
 51738 | Tomb:1   | Killed a greater mummy
 51814 | Tomb:1   | Noticed a greater mummy
 51817 | Tomb:1   | Noticed a greater mummy
 51818 | Tomb:1   | Cast into level 4 of the Abyss (the power of Zot)
 51825 | Abyss:4  | Found a corrupted altar of Lugonu.
 52000 | Abyss:4  | Reached skill level 21 in Earth Magic
 52139 | Tomb:1   | Escaped the Abyss
 52144 | Tomb:1   | Killed a greater mummy
 52146 | Tomb:1   | Noticed a greater mummy
 52153 | Tomb:1   | Noticed a greater mummy
 52156 | Tomb:1   | Killed a greater mummy
 52160 | Tomb:1   | Killed a greater mummy
 52171 | Tomb:1   | Killed a greater mummy
 52270 | Tomb:1   | Noticed a greater mummy
 52294 | Tomb:1   | Killed a greater mummy
 52295 | Tomb:1   | Noticed a greater mummy
 52311 | Tomb:1   | Killed a greater mummy
 52330 | Tomb:1   | Noticed a greater mummy
 52345 | Tomb:1   | Cast into level 4 of the Abyss (the power of Zot)
 52446 | Tomb:1   | Escaped the Abyss
 52454 | Tomb:1   | Killed a greater mummy
 52482 | Tomb:1   | Noticed a greater mummy
 52492 | Tomb:1   | Killed a greater mummy
 53149 | Vaults:5 | Entered Level 5 of the Vaults
 53151 | Vaults:5 | Reached skill level 10 in Evocations
 53152 | Vaults:5 | Reached skill level 22 in Earth Magic
 53215 | Vaults:5 | Reached XP level 27. HP: 164/190 MP: 34/43
 53372 | Vaults:5 | Noticed an ancient lich
 53505 | Vaults:5 | Killed an ancient lich
 53505 | Vaults:5 | Reached skill level 23 in Earth Magic
 53507 | Vaults:5 | Identified the ring "Gezeliaf" {Wiz Dex+3}
 53715 | Vaults:5 | Reached skill level 24 in Earth Magic
 54348 | Vaults:5 | Got a silver rune of Zot
 54536 | Vaults:5 | Reached skill level 25 in Earth Magic
 54605 | Vaults:5 | Found Asoso's Assorted Antiques.
 54620 | Vaults:5 | Bought a scroll of fog for 90 gold pieces
 54620 | Vaults:5 | Bought a wand of scattershot (4) for 540 gold pieces
 54814 | Vaults:5 | Found Hoalyod's Distillery.
 54830 | Vaults:5 | Bought a potion of curing for 48 gold pieces
 54830 | Vaults:5 | Bought a potion of mutation for 128 gold pieces
 54830 | Vaults:5 | Bought a potion of agility for 64 gold pieces
 54830 | Vaults:5 | Bought 2 potions of brilliance for 128 gold pieces
 54830 | Vaults:5 | Bought a potion of curing for 48 gold pieces
 54830 | Vaults:5 | Bought a potion of might for 64 gold pieces
 54830 | Vaults:5 | Bought 2 potions of invisibility for 256 gold pieces
 55186 | Tomb:2   | Noticed a greater mummy
 55187 | Tomb:2   | Noticed a greater mummy
 55189 | Tomb:2   | Noticed an ancient lich
 55193 | Tomb:2   | Noticed a greater mummy
 55199 | Tomb:2   | Killed an ancient lich
 55204 | Tomb:2   | Killed a greater mummy
 55205 | Tomb:2   | Killed a greater mummy
 55212 | Tomb:2   | Killed a greater mummy
 55244 | Tomb:2   | Reached skill level 26 in Earth Magic
 55372 | Tomb:2   | Identified the Papyrus of Cloudy Slavery
 55876 | Tomb:3   | Entered Level 3 of the Tomb of the Ancients
 55903 | Tomb:3   | Reached skill level 27 in Earth Magic
 55908 | Tomb:3   | Noticed a greater mummy
 55913 | Tomb:3   | Noticed a greater mummy
 55919 | Tomb:3   | Noticed a greater mummy
 55927 | Tomb:3   | Noticed an ancient lich
 55930 | Tomb:3   | Noticed a greater mummy
 55937 | Tomb:3   | Killed an ancient lich
 55938 | Tomb:3   | Killed a greater mummy
 55939 | Tomb:3   | Noticed a greater mummy
 55939 | Tomb:3   | Noticed a greater mummy
 55946 | Tomb:3   | Killed a greater mummy
 55948 | Tomb:3   | Noticed a greater mummy
 55950 | Tomb:3   | Reached skill level 10 in Air Magic
 55950 | Tomb:3   | Killed a greater mummy
 55950 | Tomb:3   | Noticed a greater mummy
 55955 | Tomb:3   | Killed a greater mummy
 55957 | Tomb:3   | Killed a greater mummy
 55957 | Tomb:3   | Killed a greater mummy
 55957 | Tomb:3   | Killed a greater mummy
 55968 | Tomb:3   | Killed a greater mummy
 56067 | Tomb:3   | Found the +9 staff of Wucad Mu {channel}
 56076 | Tomb:3   | Identified the Almanac of Burning Weightlessness
 56417 | Tomb:3   | Got a golden rune of Zot
 56497 | Tomb:3   | Got an ancient executioner's axe
 56500 | Tomb:3   | Got an ancient short sword
 56507 | Tomb:3   | Got a brightly glowing war axe
 56546 | Tomb:3   | Identified the +9 war axe "Hanok" {chop, Dex+7} (You found
                  | it on level 3 of the Tomb of the Ancients)
 56549 | Tomb:3   | Identified the +6 short sword "Sarauroh" {drain, +Inv rC+
                  | Str+3} (You found it on level 3 of the Tomb of the
                  | Ancients)
 56552 | Tomb:3   | Identified the +11 executioner's axe of the Open Hand
                  | {freeze, MP+9} (You found it on level 3 of the Tomb of the
                  | Ancients)
 56650 | Tomb:3   | Bought a pair of embroidered boots for 255 gold pieces
 56660 | Tomb:3   | Identified a +0 pair of boots of running (You bought it in
                  | a shop on level 3 of the Tomb of the Ancients)
 56672 | Tomb:3   | Bought the ring of Phasing {EV+8} for 2048 gold pieces
 56672 | Tomb:3   | Found the ring of Phasing {EV+8}
 56686 | Zig:1    | Entered Level 1 of a ziggurat
 56687 | Zig:1    | Noticed Echuac the pandemonium lord
 56692 | Zig:1    | Killed Echuac the pandemonium lord
 56726 | Zig:2    | Entered Level 2 of a ziggurat
 56783 | Zig:3    | Entered Level 3 of a ziggurat
 56811 | Zig:4    | Entered Level 4 of a ziggurat
 56850 | Zig:5    | Entered Level 5 of a ziggurat
 56902 | Zig:6    | Entered Level 6 of a ziggurat
 56988 | Zig:7    | Entered Level 7 of a ziggurat
 56994 | Zig:7    | Noticed an ancient lich
 57000 | Zig:7    | Killed an ancient lich
 57048 | Zig:8    | Entered Level 8 of a ziggurat
 57054 | Zig:8    | Noticed an ancient lich
 57058 | Zig:8    | Killed an ancient lich
 57097 | Zig:8    | Lost mutation: Your muscles are strong. (Str +2) [potion of
                  | mutation]
 57097 | Zig:8    | Gained mutation: You are resistant to electric shocks.
                  | (rElec) [potion of mutation]
 57097 | Zig:8    | Gained mutation: Your mind is acute. (Int +2) [potion of
                  | mutation]
 57097 | Zig:8    | Gained mutation: You are somewhat resistant to further
                  | mutation. [potion of mutation]
 57120 | Zig:9    | Entered Level 9 of a ziggurat
 57128 | Zig:9    | Noticed a shard shrike
 57128 | Zig:9    | Noticed a shard shrike
 57130 | Zig:9    | Noticed a shard shrike
 57134 | Zig:9    | Killed a shard shrike
 57136 | Zig:9    | Killed a shard shrike
 57138 | Zig:9    | Killed a shard shrike
 57230 | Zig:9    | Learned a level 9 spell: Tornado
 57237 | Zig:9    | Learned a level 6 spell: Darkness
 57245 | Zig:9    | Learned a level 5 spell: Aura of Abjuration
 57306 | Zig:10   | Entered Level 10 of a ziggurat
 57315 | Zig:10   | Reached skill level 15 in Air Magic
 57483 | Zig:11   | Entered Level 11 of a ziggurat
 57496 | Zig:11   | Found the +15 Maxwell's patent armour {-Cast -Tele rElec
                  | MR+ rCorr}
 57638 | Zig:12   | Entered Level 12 of a ziggurat
 57708 | Zig:12   | Got a flickering ivory ring
 57712 | Zig:12   | Identified the ring "Boheywan" {rF- MR+ MP+9 Str+3} (You
                  | found it on level 12 of a ziggurat)
 57737 | Zig:13   | Entered Level 13 of a ziggurat
 57797 | Zig:13   | Got a sparkling ivory ring
 57839 | Zig:13   | Identified the ring "Honioffifa" {rElec rPois rN+} (You
                  | found it on level 13 of a ziggurat)
 57848 | Zig:14   | Entered Level 14 of a ziggurat
 57874 | Zig:14   | HP: 8/190 [pearl dragon/blast of cleansing flame (31)]
 57876 | Zig:14   | HP: 3/190 [angel/+1 whip of holy wrath (13)]
 57876 | Zig:14   | Slain by a daeva

Levels and vault maps discovered:
D:1:      arrival_aquarium_b, layout_rooms
D:2:      layout_rooms
D:3:      layout_basic, first_ration
D:4:      kennysheep_the_goblin_king, layout_loops_ring,
          grunt_temple_overflow_cloverleaf
D:5:      layout_loops_corners, minmay_temple_entry_glassed_door,
          chequers_ossuary_entry_cave, uniq_ijyb
D:6:      minmay_inner_zag, layout_cave_pods, uniq_duvessa
D:7:      layout_loops_ring, grunt_ogre_cave, minivault_27, bloody_trog,
          uniq_menkaure
D:8:      layout_basic, serial_shops, shop, minmay_bent
D:9:      layout_small_grid, orc_david_3, tso_altar
D:10:     layout_long_grid
D:11:     layout_grid_maze, lair_entry_dummy, special_room [special_room_orc],
          minmay_diced_spiral, uniq_josephine
D:12:     layout_rooms, serial_shops, nicolae_shop_window_shopping,
          dk_vineyard_1, uniq_maurice
D:13:     layout_roguey, hangedman_vaults_entry_quadrant_bands, enter_trove_0,
          uniq_erolcha
D:14:     minmay_the_grid_square_5x5_4x4
          [minmay_the_grid_square_5x5_tetrominoes,
          minmay_the_grid_square_5x5_shrine2,
          minmay_the_grid_square_5x5_inner_v,
          minmay_the_grid_square_5x5_shuriken,
          minmay_the_grid_square_5x5_doubleslash,
          minmay_the_grid_square_5x5_prize_open,
          minmay_the_grid_square_5x5_prize_open,
          minmay_the_grid_square_5x5_bracketed,
          minmay_the_grid_square_5x5_minivault,
          minmay_the_grid_square_5x5_prize_deathbox,
          minmay_the_grid_square_5x5_prize_itemx,
          minmay_the_grid_square_5x5_inner_z, minmay_the_grid_square_5x5_bite,
          minmay_the_grid_square_5x5_pentomino_r,
          minmay_the_grid_square_5x5_n_small,
          minmay_the_grid_square_5x5_checkered], layout_loops_ring,
          minmay_misc_feat_iff, nicolae_ru_awakened_eye
D:15:     gammafunk_enter_depths_forms, layout_basic, serial_park_tiny_1,
          basic_altar, serial_ice, serial_ice_d, serial_ice_c, serial_ice_a,
          serial_ice_k
Temple:   dpeg_five_rooms_temple
Lair:1:   layout_small_grid, grunt_megastairs_2, infiniplex_staircase_pool
Lair:2:   layout_regular_city, elwin_shoals_entry_rocks, disabler_island
Lair:3:   layout_cave_pods, portal_ice_cave_entry_pillars_2, grunt_megastairs_5
Lair:4:   layout_regular_city, minmay_snake_entry_six_corridors,
          gauntlet_entry_generic, serial_bayou_shore_b
Lair:5:   layout_loops_ring, nicolae_quartered_pool_super
Lair:6:   cheibrodos_lair_end_hotspot, layout_cave_shapes,
          dpeg_slime_entry_corner, uniq_nessos
Shoals:1: layout_shoals, ldierk_geyser, nicolae_shoals_water_shrine
Shoals:2: layout_shoals, uniq_ilsuiw
Shoals:3: layout_shoals, gammafunk_ghost_grave
Shoals:4: shoals_end_grunt_ice, layout_shoals, nicolae_shoals_circle_sea_wall,
          lemuel_centaur_altar
Snake:1:  layout_cave_shapes, serial_shops, freezing_bzr
Snake:2:  hangedman_cross_stitches, layout_onion_interference, minmay_shoptagon
Snake:3:  layout_onion, basic_altar, hangedman_snake_thin_pillar_pass,
          uniq_asterion
Snake:4:  minmay_snake_end_coiled, layout_grid_shapes, uniq_roxanne, uniq_aizul
Orc:1:    layout_caves, roderic_batcave
Orc:2:    grunt_orc_cross, layout_caves, abandoned_shop,
          nicolae_orc_flooded_monolith
Elf:1:    layout_loops_corners, serial_shops, nicolae_shop_statue_plus, shop,
          kennysheep_underground_church, uniq_jorgrun, uniq_frances
Elf:2:    layout_geoelf_diagonals, fountainhead, due_unseen_surprise,
          minmay_shop_grove
Elf:3:    minmay_elf_hall, layout_rooms, uniq_mara
Vaults:1: hangedman_vaults_river_flow, vaults_room_pools, hangedman_vaults_hat,
          v_misc_12, v_alt_pattern_1, vaults_standard_mumra_lines,
          nicolae_vaults_theta, v_misc_9, v_misc_14, ontoclasm_vaults_shuriken,
          layout_vaults_quadrants, serial_shops, shop
Vaults:2: minmay_crypt_entry_necro_gods, vaults_room_grunt_arrival_ludios,
          v_pattern_5, hangedman_vaults_maws, nicolae_vaults_sealed_display,
          nicolae_vaults_asterisk, v_alt_pattern_1,
          nicolae_vaults_little_squares_3, vaults_room_pool, vaults_mumra_hex,
          layout_vaults_chaotic_city, uniq_bai_suzhen
Vaults:3: ontoclasm_vaults_chip, nicolae_vaults_alarming, v_pattern_2,
          v_misc_23, nicolae_vaults_circle_grid_b, hangedman_vaults_unwind,
          vaults_room_corners, v_misc_17, nicolae_vaults_holding_cells,
          v_misc_16, vaults_mumra_minichess, v_alt_pattern_1, v_misc_15,
          layout_vaults_maze_snakey
Vaults:4: vaults_room_guarded_vault, v_pattern_4, nicolae_vaults_network_star,
          ontoclasm_vaults_gateway, ontoclasm_vaults_decontamination,
          v_alt_pattern_6, nicolae_vaults_yaktaur_gun_rack,
          nicolae_vaults_what_the_h, ontoclasm_vaults_twist,
          hangedman_vaults_corner_blocks, layout_vaults_omnibox, serial_shops,
          shop
Vaults:5: serial_shops
Crypt:1:  layout_rooms, grunt_ministairs_3
Crypt:2:  layout_gridlike, uniq_jory
Crypt:3:  church_of_pain_bobbens, layout_chaotic_city,
          tomb_entry_forgotten_bobbens, gammafunk_ghost_grave,
          minigarden_bobbens, grunt_megastairs_4
Tomb:1
Tomb:2
Tomb:3
Zig:14

Skill      XL: |  1  2  3  4  5  6  7  8  9 10 11 12 13 14 15 16 17 18 19 20 21 22 23 24 25 26 27 |
---------------+----------------------------------------------------------------------------------+-----
Conjurations   | 2 3 4 5 6 |  6.0
Fire Magic     | 1 4 5 |  5.4
Air Magic      | 4 5 17 | 17.0
Charms         | 4 6 |  6.0
Necromancy     | 7 9 10 11 13 16 17 18 19 | 19.0
Spellcasting   | 6 7 8 12 13 15 16 | 16.0
Shields        | 9 13 15 | 15.0
Earth Magic    | 4 9 10 11 12 15 20 22 27 | 27.0
Dodging        | 2 6 8 |  8.0
Fighting       | 2 7 9 10 | 10.0
Armour         | 2 7 10 | 10.0
Stealth        | 9 11 12 | 12.0
Ice Magic      | 4 6 |  6.0
Transmutations | 4 9 13 17 19 | 19.0
Evocations     | 4 6 10 12 | 12.0
Summonings     | |  1.0
Translocations | |  0.8

Action                   |  1- 3 |  4- 6 |  7- 9 | 10-12 | 13-15 | 16-18 | 19-21 | 22-24 | 25-27 || total
-------------------------+-------+-------+-------+-------+-------+-------+-------+-------+-------++-------
Melee: Short sword       |     6 |       |       |       |       |       |       |       |       ||     6
       Dagger            |    18 |    81 |     1 |       |       |       |       |       |       ||   100
       Whip              |       |       |   152 |    89 |   408 |   592 |   542 |   355 |       ||  2138
       Staff             |       |       |    23 |   214 |   388 |       |     1 |   425 |   342 ||  1393
 Fire: Hunting sling     |     6 |    99 |   109 |     6 |       |       |       |       |       ||   220
       Shortbow          |       |       |       |    25 |       |       |       |       |       ||    25
 Cast: Magic Dart        |    68 |    10 |    18 |    13 |    25 |       |       |       |       ||   134
       Mephitic Cloud    |       |     7 |    20 |    51 |    46 |    12 |    25 |     9 |       ||   170
       Conjure Flame     |       |     5 |    20 |    28 |    60 |    28 |    37 |     4 |       ||   182
       Regeneration      |       |       |     5 |    36 |    44 |    56 |    64 |    38 |    43 ||   286
       Sublimation of Bl |       |       |     3 |    38 |    37 |    34 |    50 |    28 |    14 ||   204
       Dispel Undead     |       |       |       |    13 |     2 |     5 |    16 |    70 |    93 ||   199
       Borgnjor's Vile C |       |       |       |    34 |   126 |   236 |   249 |   220 |   212 ||  1077
       Bolt of Draining  |       |       |       |       |     5 |       |    26 |     4 |       ||    35
       Ozocubu's Armour  |       |       |       |       |       |     3 |    13 |    11 |    18 ||    45
       Necromutation     |       |       |       |       |       |       |       |    32 |    69 ||   101
       Shatter           |       |       |       |       |       |       |       |       |   119 ||   119
Invok: Receive Necronomi |       |       |       |       |     1 |       |       |       |       ||     1
       Renounce Religion |       |       |       |       |     1 |       |       |       |       ||     1
       Potion Petition   |       |       |       |       |       |     2 |     1 |       |    13 ||    16
       Call Merchant     |       |       |       |       |       |       |       |     1 |     2 ||     3
 Abil: Dig               |     3 |     3 |     7 |    35 |    39 |    14 |    18 |     6 |     6 ||   131
       Evoke Flight      |       |       |       |       |       |     1 |     5 |       |       ||     6
       End Transformatio |       |       |       |       |       |       |       |     7 |    23 ||    30
Evoke: Staff of Olgreb   |       |       |    11 |     2 |       |       |       |       |       ||    13
       Wand              |       |       |       |     2 |     1 |       |       |     2 |       ||     5
       Fan of gales      |       |       |       |       |     1 |       |       |       |       ||     1
       Staff of energy   |       |       |       |       |       |       |       |       |   427 ||   427
       Lightning rod     |       |       |       |       |       |       |       |       |     2 ||     2
       Lamp of fire      |       |       |       |       |       |       |       |       |     2 ||     2
       Box of beasts     |       |       |       |       |       |       |       |       |     1 ||     1
       Figurine of a zig |       |       |       |       |       |       |       |       |     1 ||     1
  Use: Scroll            |       |     6 |     5 |    11 |    10 |    10 |     9 |     2 |    12 ||    65
       Potion            |       |       |       |       |     1 |     3 |     4 |       |     7 ||    15
 Stab: Sleeping          |       |     1 |     3 |     2 |     5 |    16 |     6 |    29 |     5 ||    67
       Confused          |       |     1 |     6 |    10 |    20 |     1 |     9 |     6 |       ||    53
       Distracted        |       |       |       |       |     1 |     2 |     3 |     6 |     1 ||    13
  Eat: Chunk             |     2 |     8 |    14 |    37 |    14 |       |       |       |       ||    75
       Ration            |       |       |     1 |       |    15 |    12 |    12 |     7 |     5 ||    52
Armor: Robe              |     4 |     4 |     9 |       |       |       |       |       |       ||    17
       Leather armour    |       |       |    14 |    31 |       |       |       |       |       ||    45
       Troll leather arm |       |       |       |    27 |   200 |   173 |   178 |   283 |   300 ||  1161
Dodge: Dodged            |    11 |    46 |   115 |   162 |   517 |   306 |   343 |   407 |   615 ||  2522
Block: Shield            |       |       |       |    70 |   352 |       |       |       |       ||   422
       Large shield      |       |       |       |       |    45 |   692 |   742 |   924 |   948 ||  3351
       Reflection        |       |       |       |       |     2 |    77 |    95 |    47 |    14 ||   235
